 Dungeon Crawl Stone Soup version 0.30-b1-2-g02819fbbbe (webtiles) character file.

Game seed: 11001779514651867560

399514 manyhoops the Metallomancer (level 21, -1/176 HPs)
             Began as a Demigod Earth Elementalist on Nov 19, 2023.
             Slain by an azure jelly (41 damage)
             ... created by the Royal Jelly
             ... on level 4 of the Pits of Slime.
             The game lasted 02:00:26 (63241 turns).

manyhoops the Metallomancer (DgEE)                 Turns: 63241, Time: 02:00:27

Health: -1/176     AC: 10    Str:  4    XL:     21   Next: 31%
Magic:  26/57      EV: 18    Int: 57    God:
Gold:   55         SH:  0    Dex: 23    Spells: 11/54 levels left

rFire   . . .        L - +7 lajatang of Order {silver, rMut}
rCold   . . .        (shield currently unavailable)
rNeg    + . .        A - +2 robe of the Pink Corner {Fly Str-5 Int+2 Dex+6}
rPois   +            Q - +2 helmet of the Fuzzy God {Int+4 Dex+3}
rElec   +            n - +2 cloak {rPois}
rCorr   .            w - +2 pair of gloves
SInv    .            M - +2 pair of boots
Will    +++++        r - amulet of the Four Winds {rN+ Will+++ Clar}
Stlth   ++++++       m - +6 ring of intelligence
HPRegen 0.49/turn    G - ring of magical power
MPRegen 0.35/turn

%: clarity, resist mutation
@: corroded, flying
A: high MP 1, forlorn, divine attributes, iridescent scales 1, electricity
resistance
}: 2/15 runes: decaying, serpentine
a: no special abilities


You were on level 4 of the Pits of Slime.
You visited 9 branches of the dungeon, and saw 41 of its levels.
You also visited: Bailey.

You collected 4494 gold pieces.
You spent 4439 gold pieces at shops.

Inventory:

Hand Weapons
 j - the +7 dagger "Ojuaros" {flame, rF+ rC+}
   (You bought it in a shop on level 15 of the Dungeon)

   rF:        It protects you from fire.
   rC:        It protects you from cold.
 L - the +7 lajatang of Order (weapon) {silver, rMut}
   (You bought it in a shop on level 2 of the Orcish Mines)

   rMut:      It protects you from mutation.
Armour
 n - a +2 cloak of poison resistance (worn)
 w - a +2 pair of gloves (worn)
 A - the +2 robe of the Pink Corner (worn) {Fly Str-5 Int+2 Dex+6}
   (You found it on level 8 of the Dungeon)

   Str:       It affects your strength (-5).
   Int:       It affects your intelligence (+2).
   Dex:       It affects your dexterity (+6).
   Fly:       It grants you flight.
 M - a +2 pair of boots (worn)
 Q - the +2 helmet of the Fuzzy God (worn) {Int+4 Dex+3}
   (You found it on level 14 of the Dungeon)

   Int:       It affects your intelligence (+4).
   Dex:       It affects your dexterity (+3).
 U - a scarf of resistance
 Y - a +2 buckler
 Z - a +1 robe of cold resistance
Magical Staves
 p - a staff of earth
Jewellery
 m - a +6 ring of intelligence (left hand)
 r - the amulet of the Four Winds (around neck) {rN+ Will+++ Clar}
   (You found it on level 5 of the Lair of Beasts)

   [amulet of nothing]

   rN:        It protects you from negative energy.
   Clar:      It protects you from confusion, rage, mesmerisation and fear.
   Will:      It greatly increases your willpower.
 v - a ring of wizardry
 G - a ring of magical power (right hand)
 N - an amulet of magic regeneration
 W - the ring of Ephemeral Luck {Will++ Int+2 SInv}
   (You found it on level 2 of the Vaults)

   [ring of see invisible]

   Int:       It affects your intelligence (+2).
   SInv:      It lets you see invisible.
   Will:      It greatly increases your willpower.
 X - a ring of ice
Wands
 k - a wand of digging (7)
 s - a wand of light (26)
 B - a wand of flame (87)
 H - a wand of charming (60)
 I - a wand of iceblast (35)
 J - a wand of mindburst (51)
Scrolls
 d - 2 scrolls of torment
 e - 2 scrolls of butterflies
 f - a scroll of blinking
 h - 7 scrolls of immolation
 i - 6 scrolls of amnesia
 l - 4 scrolls of enchant armour
 o - 2 scrolls of poison
 t - 3 scrolls of fog
 u - 5 scrolls of teleportation
 y - 5 scrolls of magic mapping
 C - 5 scrolls of fear
 D - 2 scrolls of silence
Potions
 a - 7 potions of curing
 b - a potion of magic
 c - 10 potions of might
 g - 9 potions of flight
 x - 2 potions of heal wounds
 z - 4 potions of brilliance
 E - 3 potions of resistance
 K - 2 potions of invisibility
 O - a potion of cancellation
 P - 9 potions of ambrosia
 R - 4 potions of berserk rage
 S - 7 potions of lignification
 T - 7 potions of haste
 V - 2 potions of mutation
Miscellaneous
 q - a phantom mirror
 F - a phial of floods


   Skills:
 - Level 12.5 Fighting
 - Level 7.7 Dodging
 - Level 12.3 Stealth
 - Level 7.2 Shields
 + Level 17.3 Spellcasting
 - Level 8.5 Conjurations
 - Level 0.8 Transmutations
 - Level 4.3 Fire Magic
 - Level 2.0 Air Magic
 - Level 22.0 Earth Magic
 - Level 7.1 Evocations


You had 11 spell levels left.
You knew the following spells:

 Your Spells              Type           Power      Damage    Failure   Level
a - Sandblast             Erth           100%       2d20      0%          1
b - Passwall              Tmut/Erth      91%        N/A       0%          2
c - Stone Arrow           Conj/Erth      100%       3d13      0%          3
d - Iron Shot             Conj/Erth      61%        9d11      1%          6
e - Lee's Rapid Deconstr  Erth           70%        3d32*     0%          5
f - Fireball              Conj/Fire      44%        3d18      1%          5
g - Freezing Cloud        Conj/Ice/Air   36%        6-21      1%          5
i - Shatter               Erth           70%        3d51*     3%          9
j - Sticky Flame          Conj/Fire      89%        2d10      1%          4
k - Frozen Ramparts       Ice            98%        1d15      1%          3

Your spell library contained the following spells:

 Spells                   Type           Power      Damage    Failure   Level
 Magic Dart               Conj           100%       1d8       0%          1
 Searing Ray              Conj           100%       2d8       0%          2
 Apportation              Tloc           98%        N/A       1%          1
 Freeze                   Ice            100%       1d10      1%          1
 Kiss of Death            Conj/Necr      100%       2d13      1%          1
 Necrotise                Necr           100%       1d9       1%          1
 Slow                     Hex            100%       N/A       1%          1
 Summon Small Mammal      Summ           100%       N/A       1%          1
 Call Imp                 Summ           98%        N/A       1%          2
 Cigotuvi's Dreadful Rot  Necr/Pois/Air  100%       N/A       1%          2
 Ensorcelled Hibernation  Hex/Ice        98%        N/A       1%          2
 Lesser Beckoning         Tloc           98%        N/A       1%          2
 Poisonous Vapours        Pois/Air       100%       N/A       1%          2
 Scorch                   Fire           100%       2d9       1%          2
 Call Canine Familiar     Summ           49%        N/A       1%          3
 Confusing Touch          Hex            49%        N/A       1%          3
 Gell's Gravitas          Tloc           49%        N/A       1%          3
 Ignite Poison            Fire/Tmut/Pois 62%        N/A       1%          3
 Inner Flame              Hex/Fire       65%        N/A       1%          3
 Mephitic Cloud           Conj/Pois/Air  73%        N/A       1%          3
 Portal Projectile        Hex/Tloc       98%        N/A       1%          3
 Swiftness                Air            64%        N/A       1%          3
 Teleport Other           Tloc           49%        N/A       1%          3
 Tukima's Dance           Hex            49%        N/A       1%          3
 Vampiric Draining        Necr           49%        2d9       1%          3
 Vhi's Electric Charge    Tloc/Air       100%       N/A       1%          3
 Flame Wave               Conj/Fire      89%        2d19      1%          4
 Fulminant Prism          Conj/Hex       39%        3d17      1%          4
 Iskenderun's Mystic Bla  Conj/Tloc      78%        2d16      1%          4
 Leda's Liquefaction      Hex/Erth       54%        N/A       1%          4
 Petrify                  Tmut/Erth      100%       N/A       1%          4
 Arcjolt                  Conj/Air       41%        1d51      1%          5
 Borgnjor's Vile Clutch   Necr/Erth      54%        N/A       1%          5
 Iskenderun's Battlesphe  Conj           98%        2d14      1%          5
 Statue Form              Tmut/Erth      73%        N/A       1%          6
 Animate Dead             Necr           49%        N/A       2%          4
 Cause Fear               Hex            24%        N/A       2%          4
 Dispel Undead            Necr           49%        3d18      2%          4
 Passage of Golubria      Tloc           49%        N/A       2%          4
 Summon Ice Beast         Ice/Summ       49%        N/A       2%          4
 Conjure Ball Lightning   Conj/Air       41%        3x3d13    4%          6
 Alistair's Intoxication  Tmut/Pois      35%        N/A       6%          5
 Yara's Violent Unravell  Hex/Tmut       26%        3d11      6%          5
 Orb of Destruction       Conj           49%        9d13      7%          7
 Metabolic Englaciation   Hex/Ice        24%        N/A       8%          5
 Spellforged Servitor     Conj/Summ      39%        N/A       36%         7
 Death Channel            Necr           24%        N/A       38%         6
 Summon Cactus Giant      Summ           24%        N/A       38%         6
 Dragon Form              Tmut           28%        N/A       83%         7
 Ignition                 Fire           39%        3d12      96%         8
 Maxwell's Capacitive Co  Air            32%        ∞         100%        8
 Dragon's Call            Summ           24%        N/A       100%        9
 Polar Vortex             Ice            24%        N/A       100%        9


Dungeon Overview and Level Annotations

Branches:
Dungeon (15/15)            Temple (0/1) D:4            Lair (5/5) D:8
  Swamp (4/4) Lair:2        Snake (4/4) Lair:3        Slime (5/5) Lair:4
    Orc (2/2) D:10            Elf (3/3) Orc:2        Vaults (2/5) D:14
 Depths (0/4) D:15           Hell (visited)          Bailey (visited)
  Crypt: Vaults:2-3     Dis: Hell:1         Geh: Hell:1         Coc: Hell:1
    Tar: Hell:1

Shops:
D:15 *   Orc:1 :   Orc:2 ?((*(   Elf:1 [?:   Snake:1 =::   Vaults:1 *

Portals:
Hell: Lair:5
Trove: Vaults:1 (give 8 potions of haste)

Annotations:
Lair:2 2 transporters, Farlane's ghost, novice TrTm
Swamp:3 2 runed translucent doors, Zenkrye's ghost, adept HOFi
Slime:5 Royal Jelly
Elf:2 3 runed translucent doors
Hell Geryon


Innate Abilities, Weirdness & Mutations

You have an increased reservoir of magic. (+10% MP)
You shall have no god before yourself.
Your divine heritage dramatically boosts your attributes as you level up.
You are partially covered in iridescent scales. (AC +2)
You are resistant to electric shocks. (rElec)


Message History

The azure jelly hits you but does no damage.
There is a stone staircase leading up, spattered with blood here.
Unknown command.
The quicksilver ooze hits you! The quicksilver ooze engulfs you!
The quicksilver ooze barely misses you. The azure jelly closely misses you.
The azure jelly misses you.
The azure jelly hits you but does no damage.
The azure jelly completely misses you. The Royal Jelly completely misses you.
The Royal Jelly hits you but does no damage.
The azure jelly barely misses you.
The azure jelly hits you but does no damage.
The azure jelly misses you. x2; The azure jelly barely misses you.
The azure jelly misses you.
The azure jelly hits you but does no damage. x2
You fly upwards.
The ooze engulfing you falls away.
You gasp with relief as air once again reaches your lungs.
There is a stone staircase leading down here.
Unknown command.
Unknown command.
Casting: Stone Arrow (safe; 0% risk of failure)
Confirm with . or Enter, or press ? or * to list all spells.
The dungeon rumbles!
The azure jelly is moderately wounded.
The azure jelly is lightly wounded.
The azure jelly is heavily wounded.
The quicksilver ooze is almost dead.
The azure jelly is lightly wounded.
Ka-crash!
The quicksilver ooze closely misses you.
The quicksilver ooze hits you but does no damage.
The azure jelly hits you but does no damage.
The azure jelly misses you. The azure jelly hits you. The azure jelly hits you!
The azure jelly hits you. The azure jelly freezes you!!
The azure jelly closely misses you. The azure jelly hits you!
* * * LOW HITPOINT WARNING * * *
The azure jelly hits you but does no damage. x2
The azure jelly hits you!
* * * LOW HITPOINT WARNING * * *
The azure jelly freezes you!!!
You die...

#.#..#.........
#...............
................
#.............#.
...............#
..#.............
....#...J.......
......J@J.......
#......JJ.......
...#...........#
................
...#............
........#.......
...#..#..#......
#....... .....#
.#... #.....


You could see 4 azure jellies and a quicksilver ooze.

Vanquished Creatures
  the Lernaean hydra (Swamp:4)
  Saint Roka (Snake:4)
  Vashnia (Snake:4)
  Nikola (Elf:3)
  The ghost of diceflayer the Shatterer, an adept DsGl of Okawaru (Vaults:2)
  2 tentacled monstrosities
  Jorgrun (Elf:2)
  4 deep elf blademasters (Elf:3)
  2 deep elf master archers (Elf:3)
  6 acid blobs
  Asterion (Elf:3)
  Agnes (D:15)
  2 thorn hunters
  2 azure jellies
  4 rockslimes
  A fenstrider witch (Swamp:3)
  Roxanne (Snake:1)
  Aizul (Vaults:1)
  6 vault wardens
  8 deep elf sorcerers
  3 deep elf elementalists (Elf:3)
  6 ironbound preservers
  4 quicksilver oozes
  2 ironbound thunderhulks
  3 ghouls (Swamp:1)
  4 deep elf demonologists (Elf:3)
  6 eleionomae
  12 deep elf annihilators (Elf:3)
  2 bunyips
  6 dire elephants (Vaults:1)
  The ghost of Frank the Carver, a journeyman DsFi of Hepliaklqana (D:14)
  2 shambling mangroves
  Josephine (Snake:1)
  6 deep elf death magi (Elf:3)
  3 fire dragons
  An entropy weaver (Vaults:2)
  A yaktaur captain (D:14)
  4 deep elf high priests (Elf:3)
  4 great orbs of eyes
  An ice dragon (D:14)
  Fannar (Lair:2)
  4 vault guards
  3 ogre magi (D:15)
  26 hydras
  4 ghost crabs
  6 ironbound frosthearts
  3 salamander tyrants
  A catoblepas (Lair:5)
  7 centaur warriors
  14 two-headed ogres
  15 anacondas
  2 boulder beetles
  3 tengu warriors
  19 dancing weapons
  32 death yaks
  17 alligators
  4 orc high priests (Orc:2)
  14 naga sharpshooters
  A spriggan berserker (Swamp:2)
  Urug (Orc:1)
  18 naga warriors
  A sixfirhy (Lair:5)
  7 shock serpents
  Nergalle (Orc:1)
  8 deep elf knights
  3 skysharks
  5 salamander mystics
  A shadow wraith (D:14)
  Amaemon (D:9)
  5 skeletal warriors (D:15)
  6 goliath frogs
  11 swamp dragons
  3 glowing orange brains
  3 spriggan druids
  An orb spider (shapeshifter) (Elf:1)
  9 bog bodies
  A sea snake (shapeshifter) (D:14)
  18 deep trolls
  7 naga ritualists
  4 orc knights
  A wizard (Lair:5)
  A harpy (Vaults:1)
  12 deep elf archers
  An orange crystal statue (Vaults:1)
  8 ironbound convokers
  2 orc sorcerers
  17 deep elf zephyrmancers
  13 mana vipers
  A shining eye (Slime:1)
  27 deep elf pyromancers
  6 will-o-the-wisps
  2 oklob plants
  6 spectral spriggans (Swamp:1)
  4 manticores
  21 salamanders
  4 cyclopes
  7 elephants (Lair:5)
  4 guardian serpents
  6 vault sentinels
  67 slime creatures
  3 orange demons
  3 eyes of devastation
  A smoke demon (Lair:5)
  23 naga magi
  32 black mambas
  A torpor snail (Lair:3)
  4 gargoyles
  11 komodo dragons
  5 cane toads
  2 unseen horrors (D:12)
  An efreet (D:14)
  8 rime drakes
  5 yaktaurs
  5 tengu conjurers
  3 ice devils (Lair:5)
  A freezing wraith (Swamp:1)
  A queen bee (Lair:2)
  A red devil (Lair:5)
  3 meliai (D:13)
  7 trolls
  A bloated husk (Swamp:4)
  11 hornets
  8 tyrant leeches
  A polar bear (Lair:5)
  17 blink frogs
  A dream sheep (shapeshifter) (D:14)
  A blink frog (shapeshifter) (Elf:3)
  2 air elementals
  A jumping spider (Vaults:2)
  3 shadows
  10 spriggans
  8 wraiths
  2 vampires
  2 fire elementals
  A yak (shapeshifter) (D:14)
  7 wyverns
  4 golden eyes
  26 yaks
  A human (shapeshifter) (D:14)
  4 water elementals
  5 basilisks
  13 vampire mosquitoes
  45 nagas
  3 steam dragons
  2 acid dragons
  5 wargs
  17 swamp worms
  18 water moccasins
  3 hell hounds (Lair:5)
  4 ice beasts
  9 swamp drakes
  35 orc warriors
  4 sky beasts (D:7)
  7 wolves (Lair:5)
  11 centaurs
  8 ogres
  A phantom (D:7)
  10 bullfrogs
  7 kobold brigands
  4 necrophages
  A gnoll sergeant (D:7)
  A water moccasin zombie (D:7)
  4 scorpions (D:6)
  14 wights
  33 killer bees
  9 vampire bats (Bailey)
  11 howler monkeys
  8 wolf zombies (Bailey)
  5 electric eels
  2 centaur zombies (D:7)
  8 crimson imps (D:14)
  5 hounds
  A human zombie (D:7)
  3 jellies
  Crazy Yiuf (D:2)
  33 orc priests
  A sleepcap (D:8)
  8 iguanas
  32 orc wizards
  A killer bee zombie (D:7)
  A mummy (D:7)
  14 gnolls
  5 adders
  3 white imps
  An ufetubus (D:6)
  3 worms
  4 dart slugs
  120 orcs
  9 endoplasms
  8 giant cockroaches
  12 goblins
  7 hobgoblins
  8 jackals
  59 kobolds
  5 quokkas
  4 ball pythons
  4 bats
  2 frilled lizards
  21 orc zombies (Bailey)
  10 rats
  A briar patch (Swamp:4)
1543 creatures vanquished.

Vanquished Creatures (others)
  A deep elf pyromancer (Elf:2)
  3 bloated husks
  A swamp drake (Swamp:4)
  A kobold (D:6)
  16 foxfires
  37 fungi
  26 plants
85 creatures vanquished.

Grand Total: 1628 creatures vanquished

Notes
Turn   | Place    | Note
-------+----------+-------------------------------------------
     0 | D:1      | manyhoops the Demigod Earth Elementalist began the quest
                  | for the Orb.
     0 | D:1      | Reached XP level 1. HP: 14/14 MP: 5/5
   185 | D:1      | Reached skill level 3 in Earth Magic
   248 | D:1      | Reached XP level 2. HP: 15/20 MP: 0/7
   983 | D:2      | Reached XP level 3. HP: 26/26 MP: 7/9
  1051 | D:2      | Learned a level 2 spell: Passwall
  1690 | D:2      | Found a runed translucent door.
  1691 | D:2      | Noticed Crazy Yiuf
  1792 | D:2      | Reached XP level 4. HP: 33/33 MP: 7/10
  1977 | D:2      | Killed Crazy Yiuf
  1978 | D:2      | Reached skill level 4 in Earth Magic
  2891 | D:3      | Reached XP level 5. HP: 32/38 MP: 9/12
  3611 | D:4      | Learned a level 3 spell: Stone Arrow
  3616 | D:4      | Learned a level 4 spell: Petrify
  3630 | D:4      | Found a staircase to the Ecumenical Temple.
  3829 | D:4      | Reached skill level 9 in Earth Magic
  3829 | D:4      | Reached XP level 6. HP: 41/45 MP: 9/20
  3952 | D:4      | Noticed a wyvern
  3982 | D:4      | Killed a wyvern
  3983 | D:4      | Reached skill level 1 in Fighting
  3983 | D:4      | Reached XP level 7. HP: 37/52 MP: 18/22
  4186 | D:5      | Entered Level 5 of the Dungeon
  4866 | D:5      | Reached XP level 8. HP: 62/62 MP: 20/24
  4898 | D:5      | Identified the +1 leather armour "Geckanun" {Harm +Blink
                  | Will++ Dex-3}
  4964 | D:5      | You fall into a shaft and drop 2 floors!
  5223 | D:7      | Identified the +9 flail "Worhoiwk" {drain, Will+}
  5859 | D:6      | Reached XP level 9. HP: 62/70 MP: 21/25
  6249 | D:6      | Reached skill level 5 in Dodging
  6350 | D:6      | Reached skill level 5 in Stealth
  6933 | D:6      | Identified the +6 hand axe of Classification {vamp, *Slow
                  | rElec rPois Str+3}
  8564 | D:8      | Identified the +2 robe of the Pink Corner {Fly Str-5 Int+2
                  | Dex+6}
  8836 | D:8      | Found a flagged portal.
  8927 | D:8      | Reached XP level 10. HP: 63/79 MP: 19/26
  8984 | Bailey   | Entered a bailey
  9287 | Bailey   | Identified the staff of poison "Tajyisk" {Drain rPois
                  | Int+4}
  9289 | Bailey   | Identified the +2 chain mail "Saetut" {rF+ rN+ SInv}
  9298 | Bailey   | Learned a level 5 spell: Lee's Rapid Deconstruction
  9758 | D:8      | Found a staircase to the Lair.
  9969 | D:8      | Learned a level 4 spell: Leda's Liquefaction
 10637 | D:9      | Reached skill level 5 in Fighting
 10868 | D:9      | Noticed Amaemon
 10878 | D:9      | Killed Amaemon
 11155 | D:10     | Entered Level 10 of the Dungeon
 11292 | D:10     | Reached XP level 11. HP: 64/89 MP: 19/27
 11626 | D:10     | Found a staircase to the Orcish Mines.
 12442 | Lair:1   | Entered Level 1 of the Lair of Beasts
 13780 | Lair:1   | Reached skill level 10 in Fighting
 14003 | Lair:1   | Reached skill level 1 in Conjurations
 14810 | Lair:2   | Reached XP level 12. HP: 107/107 MP: 28/28
 14882 | Lair:2   | Found a transporter.
 14898 | Lair:2   | Noticed Farlane's ghost (novice TrTm)
 14908 | Lair:2   | Found a transporter.
 15206 | Lair:2   | Reached skill level 5 in Conjurations
 15657 | Lair:2   | Noticed Fannar
 15671 | Lair:2   | Killed Fannar
 16044 | Lair:2   | Found a staircase to the Swamp.
 16213 | Lair:2   | Noticed a five-headed hydra
 16225 | Lair:2   | Killed a five-headed hydra
 16342 | Lair:3   | Learned a level 5 spell: Freezing Cloud
 16809 | Lair:3   | Reached skill level 10 in Earth Magic
 16810 | Lair:3   | Reached XP level 13. HP: 75/114 MP: 28/30
 17161 | Lair:3   | Found a staircase to the Snake Pit.
 18439 | Lair:4   | You are sucked into a shaft and drop 1 floor!
 18439 | Lair:5   | Entered Level 5 of the Lair of Beasts
 18662 | Lair:5   | Reached skill level 10 in Spellcasting
 18704 | Lair:4   | Reached skill level 11 in Earth Magic
 19051 | Lair:4   | Found a staircase to the Slime Pits.
 19147 | Lair:4   | Identified the +2 robe "Ypav" {rN+ Int-3 SInv}
 19355 | Lair:4   | Learned a level 5 spell: Arcjolt
 20068 | Lair:5   | Identified the +7 kite shield "Voxar" {rF+ Str+3 Int+2}
 20823 | Lair:5   | Reached skill level 12 in Earth Magic
 20919 | Lair:5   | Found a gateway to Hell.
 20919 | Lair:5   | Found the amulet of the Four Winds {rN+ Will+++ Clar}
 21032 | Lair:5   | Reached XP level 14. HP: 94/122 MP: 14/34
 21803 | Hell     | Entered the Vestibule of Hell
 21803 | Hell     | Noticed Geryon
 21803 | Hell     | Noticed a reaper
 21982 | Orc:1    | Entered Level 1 of the Orcish Mines
 22110 | Orc:1    | Noticed Urug
 22117 | Orc:1    | Killed Urug
 22295 | Orc:2    | Entered Level 2 of the Orcish Mines
 22949 | Orc:2    | Found Efuudghewk's Antique Weapon Boutique.
 23057 | Orc:2    | Found a staircase to the Elven Halls.
 23477 | Orc:2    | Found Imetzix's Magic Scroll Boutique.
 23477 | Orc:2    | Found Copsupt's Antique Weapon Boutique.
 23483 | Orc:2    | Found Veudyevu's Weapon Shop.
 23490 | Orc:2    | Found Ludghist's General Store.
 23497 | Orc:2    | Bought a scroll of blinking for 127 gold pieces
 23497 | Orc:2    | Bought a scroll of magic mapping for 127 gold pieces
 23497 | Orc:2    | Bought a scroll of identify for 34 gold pieces
 23499 | Orc:2    | Bought a potion of mutation for 136 gold pieces
 23501 | Orc:2    | Bought a scroll of magic mapping for 127 gold pieces
 23501 | Orc:2    | Bought a scroll of fear for 68 gold pieces
 23501 | Orc:2    | Bought a scroll of amnesia for 68 gold pieces
 23501 | Orc:2    | Gained mutation: You are agile. (Dex +4, Str/Int -1)
                  | [potion of mutation]
 23501 | Orc:2    | Lost mutation: You are agile. (Dex +4, Str/Int -1) [potion
                  | of mutation]
 23501 | Orc:2    | Gained mutation: You are clumsy. (Dex -2) [potion of
                  | mutation]
 23693 | Orc:1    | Noticed Nergalle
 23733 | Orc:1    | Reached skill level 13 in Earth Magic
 24052 | Orc:1    | Found Noesee Qoqiu's Vocational Training.
 24174 | Orc:1    | Killed Nergalle
 26013 | D:12     | Learned a level 4 spell: Flame Wave
 26027 | D:12     | Reached skill level 1 in Evocations
 26147 | D:12     | Learned a level 4 spell: Sticky Flame
 26258 | D:13     | Reached skill level 1 in Fire Magic
 27578 | D:14     | Found a runed translucent gate.
 27579 | D:14     | Found a runed translucent gate.
 27579 | D:14     | Noticed Frank's ghost (journeyman DsFi)
 27580 | D:14     | Found a runed translucent gate.
 27976 | D:14     | Found a gate to the Vaults.
 28894 | D:14     | Reached XP level 15. HP: 123/128 MP: 9/37
 28895 | D:14     | Killed Frank's ghost
 28946 | D:14     | Identified the +2 helmet of the Fuzzy God {Int+4 Dex+3}
 29127 | D:15     | Entered Level 15 of the Dungeon
 29137 | D:15     | Reached skill level 5 in Evocations
 29777 | D:15     | Reached skill level 1 in Shields
 30291 | D:15     | Noticed Agnes
 30296 | D:15     | Killed Agnes
 30598 | D:15     | Found a staircase to the Depths.
 30779 | D:15     | Reached skill level 5 in Shields
 31182 | D:15     | Found Foppan's Assorted Antiques.
 31192 | D:15     | Bought a shimmering dagger for 224 gold pieces
 31192 | D:15     | Identified the +7 dagger "Ojuaros" {flame, rF+ rC+} (You
                  | bought it in a shop on level 15 of the Dungeon)
 31615 | Swamp:1  | Entered Level 1 of the Swamp
 31822 | Swamp:1  | HP: 4/128 [acid[a spriggan druid] (9)]
 32421 | Swamp:1  | Reached XP level 16. HP: 138/138 MP: 38/38
 32422 | Swamp:1  | Reached XP level 17. HP: 148/148 MP: 39/39
 33748 | Swamp:1  | Reached skill level 10 in Stealth
 34130 | Swamp:1  | Learned a level 4 spell: Cause Fear
 34326 | Swamp:2  | Noticed a tentacled monstrosity
 34343 | Swamp:2  | Killed a tentacled monstrosity
 34788 | Elf:1    | Entered Level 1 of the Elven Halls
 34852 | Elf:1    | Found Ohyry's Armour Shop.
 35133 | Elf:1    | Found Voreq's Armour Shoppe.
 35280 | Elf:1    | Reached XP level 18. HP: 90/155 MP: 27/40
 36246 | Elf:1    | Found Ladoisch's Book Shop.
 36257 | Elf:1    | Bought the Elucidation of Telluric Iniquitous Spells for
                  | 624 gold pieces
 36713 | Elf:1    | Found Sotill's Magic Scroll Shop.
 36722 | Elf:1    | Bought a scroll of blinking for 105 gold pieces
 36929 | Elf:2    | Paralysed by an air elemental for 1 turns
 36931 | Elf:2    | Paralysed by an air elemental for 1 turns
 36939 | Elf:2    | Noticed Jorgrun
 37049 | Elf:2    | Killed Jorgrun
 38006 | Elf:1    | Reached skill level 14 in Earth Magic
 38669 | Elf:2    | Identified the +3 scale mail of Hubris {rPois rC+ Will+}
 38755 | Elf:2    | Found a runed translucent gate.
 38756 | Elf:2    | Found a runed translucent gate.
 38756 | Elf:2    | Found a runed translucent gate.
 39156 | Elf:2    | Identified the +1 scale mail of Immorality {+Blink Str+4
                  | Stlth+}
 39416 | Elf:3    | Entered Level 3 of the Elven Halls
 39422 | Elf:3    | Noticed Nikola
 39429 | Elf:3    | Killed Nikola
 39855 | Elf:3    | Reached skill level 15 in Earth Magic
 41263 | Elf:3    | Reached skill level 16 in Earth Magic
 42379 | Elf:3    | Reached skill level 17 in Earth Magic
 42620 | Elf:3    | Identified the +5 great mace "Jecleebb" {protect, MP+9}
 43017 | Elf:3    | Identified the +0 quarterstaff "Acuomufy" {holy, +Blink
                  | rN++}
 43309 | Elf:3    | Noticed Asterion
 43320 | Elf:3    | Killed Asterion
 43427 | Elf:3    | Reached XP level 19. HP: 161/161 MP: 41/41
 43681 | Elf:3    | Identified the ring of Ahey {rPois Str+3 Dex+3}
 43886 | Elf:3    | Identified the +7 shortbow of Xocukhaf {freeze, Str+7}
 43892 | Elf:3    | Got the Handbook of Translocated Rime
 43895 | Elf:3    | Identified the +7 shortbow "Weryses" {drain, rN+}
 43903 | Elf:3    | Identified the +6 plate armour of Yredelemnul, Shifting
                  | {rC++ Stlth+}
 44462 | Elf:3    | Learned a level 9 spell: Shatter
 45257 | Swamp:2  | Reached skill level 18 in Earth Magic
 45901 | Swamp:3  | Found a large runed translucent door.
 45904 | Swamp:3  | Found a large runed translucent door.
 45905 | Swamp:3  | Noticed Zenkrye's ghost (adept HOFi)
 47622 | Swamp:4  | Entered Level 4 of the Swamp
 48265 | Swamp:4  | Learned a level 3 spell: Frozen Ramparts
 49197 | Swamp:4  | Reached skill level 1 in Air Magic
 49203 | Swamp:4  | Noticed the 27-headed Lernaean hydra
 49342 | Swamp:4  | Killed the 27-headed Lernaean hydra
 50143 | Swamp:4  | Got a decaying rune of Zot
 50360 | Snake:1  | Entered Level 1 of the Snake Pit
 50774 | Snake:1  | Noticed Roxanne
 50974 | Snake:1  | Killed Roxanne
 50981 | Snake:1  | Noticed Josephine
 50986 | Snake:1  | Killed Josephine
 51498 | Snake:1  | Got Japodwob's Elucidation of the Combative Tundra
 51847 | Snake:1  | Reached skill level 19 in Earth Magic
 51976 | Snake:1  | Found Bavasab's Jewellery Emporium.
 51976 | Snake:1  | Found Adanial's Book Boutique.
 51977 | Snake:1  | Found Zopluiki's Book Boutique.
 51990 | Snake:1  | Bought an Everburning Encyclopedia for 396 gold pieces
 51994 | Snake:1  | Bought a book of Power for 672 gold pieces
 52004 | Snake:1  | Learned a level 6 spell: Iron Shot
 52010 | Snake:1  | Learned a level 5 spell: Fireball
 53176 | Snake:2  | Reached skill level 20 in Earth Magic
 54297 | Snake:3  | Reached XP level 20. HP: 169/169 MP: 38/43
 54440 | Snake:3  | Identified the +6 mace "Leimaivy" {flame, Dex+7}
 55605 | Snake:4  | Entered Level 4 of the Snake Pit
 55801 | Snake:4  | Reached skill level 21 in Earth Magic
 56221 | Snake:4  | Noticed Saint Roka
 56380 | Snake:4  | Killed Saint Roka
 56539 | Snake:4  | Noticed Vashnia
 56542 | Snake:4  | Killed Vashnia
 56702 | Snake:4  | Reached skill level 22 in Earth Magic
 57096 | Snake:4  | Got a serpentine rune of Zot
 57400 | Vaults:1 | Entered Level 1 of the Vaults
 58536 | Vaults:1 | Found a portal to a secret trove of treasure.
 58597 | Vaults:1 | Reached skill level 15 in Spellcasting
 58726 | Vaults:1 | Noticed Aizul
 58729 | Vaults:1 | Killed Aizul
 59573 | Vaults:1 | Found Xiuliretz's General Store.
 59755 | Vaults:1 | Bought a scroll of silence for 161 gold pieces
 59755 | Vaults:1 | Bought a scroll of immolation for 68 gold pieces
 60126 | Vaults:1 | Reached XP level 21. HP: 163/176 MP: 19/47
 60148 | Vaults:1 | Lost mutation: You are clumsy. (Dex -2) [potion of
                  | mutation]
 60148 | Vaults:1 | Gained mutation: Your body sometimes deteriorates upon
                  | taking damage. [potion of mutation]
 60148 | Vaults:1 | Gained mutation: Your body often deteriorates upon taking
                  | damage. [potion of mutation]
 60149 | Vaults:1 | Lost mutation: Your body often deteriorates upon taking
                  | damage. [potion of mutation]
 60149 | Vaults:1 | Lost mutation: Your body sometimes deteriorates upon taking
                  | damage. [potion of mutation]
 60149 | Vaults:1 | Gained mutation: Your flesh is cold resistant. (rC+)
                  | [potion of mutation]
 60149 | Vaults:1 | Gained mutation: You are dopey. (Int -2) [potion of
                  | mutation]
 60150 | Vaults:1 | Lost mutation: You are dopey. (Int -2) [potion of mutation]
 60150 | Vaults:1 | Lost mutation: Your flesh is cold resistant. (rC+) [potion
                  | of mutation]
 60150 | Vaults:1 | Gained mutation: Your body sometimes deteriorates upon
                  | taking damage. [potion of mutation]
 60150 | Vaults:1 | Gained mutation: You have a somewhat thin skeletal
                  | structure. (Dex +2, Stealth+) [potion of mutation]
 60150 | Vaults:1 | Gained mutation: Your muscles are strong. (Str +4, Int/Dex
                  | -1) [potion of mutation]
 60151 | Vaults:1 | Lost mutation: Your body sometimes deteriorates upon taking
                  | damage. [potion of mutation]
 60151 | Vaults:1 | Lost mutation: You have a somewhat thin skeletal structure.
                  | (Dex +2, Stealth+) [potion of mutation]
 60151 | Vaults:1 | Lost mutation: Your muscles are strong. (Str +4, Int/Dex
                  | -1) [potion of mutation]
 60151 | Vaults:1 | Gained mutation: You are partially covered in iridescent
                  | scales. (AC +2) [potion of mutation]
 60151 | Vaults:1 | Gained mutation: You are resistant to electric shocks.
                  | (rElec) [potion of mutation]
 60740 | Vaults:2 | Found a runed translucent door.
 60740 | Vaults:2 | Noticed diceflayer's ghost (adept DsGl)
 60793 | Vaults:2 | Killed diceflayer's ghost
 60796 | Vaults:2 | Identified the ring of Ephemeral Luck {Will++ Int+2 SInv}
 60797 | Vaults:2 | Identified the ring of Betwil {rCorr EV+5}
 61200 | Orc:2    | Bought the +7 lajatang of Order {silver, rMut} for 1502
                  | gold pieces
 61200 | Orc:2    | Found the +7 lajatang of Order {silver, rMut}
 61345 | Slime:1  | Entered Level 1 of the Pits of Slime
 62619 | Slime:5  | Entered Level 5 of the Pits of Slime
 62841 | Slime:5  | Noticed the Royal Jelly
 63241 | Slime:4  | Slain by an azure jelly

Illustrated notes

Levels and vault maps discovered:
D:1:      dpeg_arrival_boxorama, layout_basic
D:2:      layout_loops_cross, minmay_heptomino_h4, uniq_crazy_yiuf_cottage
D:3:      minmay_razor_zed, layout_loops_cross,
          nicolae_overflow_ecumenical_swirl, mainiacjoe_overflow_boulevard,
          basic_ecumenical_altar, chequers_decorated_corner,
          minmay_misc_feat_columns, grunt_ministairs_6, dk_noncrumbling_3,
          kennysheep_generic_room_8
D:4:      minmay_chambers_of_fours, layout_rooms, general_overflow_altar,
          minmay_temple_entry_drinking_statues, kennysheep_generic_room_11
D:5:      minmay_octagon_keep, layout_basic, nzn_wu_jian_council_hall
D:6:      minmay_goblin_kobold_castle, layout_loops_corners,
          portal_sewer_entry_f, nicolae_underground_beach
D:7:      layout_loops_ring, lemuel_mausoleum_altar_yredelemnul
D:8:      layout_loops_corners, lemuel_doored_altar, lair_entry_dummy,
          enter_bailey_8
D:9:      layout_irregular_city, uniq_amaemon
D:10:     layout_roguey, mainiacjoe_overflow_small_starburst, hiddenorc2_lemuel,
          nicolae_wwwww, eino_small_chamber_without_monster
D:11:     layout_basic
D:12:     layout_basic, lemuel_flame_loot_1
D:13:     layout_cave_pools
D:14:     layout_grid_maze, david_vaults_4, gammafunk_ghost_split,
          dk_noncrumbling_2, minmay_nine_imps
D:15:     grunt_enter_depths_hoard, layout_loops_ring, minivault_11,
          serial_shops, nicolae_lakefront_shop, uniq_agnes
Lair:1:   layout_regular_city, grunt_forest_small_clearings
Lair:2:   layout_roguey [special_room_bee], palyth_hydra_swamp_entry,
          gammafunk_ghost_wrathful_warriors, uniq_fannar
Lair:3:   layout_cave_pods, minmay_snake_entry_guardpost_small,
          guppyfry_lair_drakes, serial_bayou_shore_b, grunt_megastairs_5,
          infiniplex_staircase_pool_2
Lair:4:   layout_roguey, slime_entry_1, roderic_carrion_pond,
          infiniplex_staircase_pool
Lair:5:   evil_forest, layout_cellular_growth
Swamp:1:  nicolae_swamp_flooded_prison, layout_basic_swamp, basic_altar
Swamp:2:  layout_basic_swamp, evilmike_swamp_ruin_house_4, swamp_pool2
Swamp:3:  layout_basic_swamp, ebering_ghost_disaster_area, hangedman_swamp_cone
Swamp:4:  swamp_old_school, layout_basic_swamp
Snake:1:  layout_gridlike, minmay_shop_grove, uniq_josephine, uniq_roxanne
Snake:2:  onia_ninara_swampy_vault, layout_rooms, st_stairs_10
Snake:3:  layout_concentric_octagons
Snake:4:  johnstein_snake_rune_scales, layout_gridlike, ebering_ghost_gozag,
          grunt_megastairs_2, uniq_vashnia, uniq_saint_roka
Slime:1:  layout_caves
Slime:2:  layout_caves, nicolae_slime_barrier
Slime:3:  layout_caves
Slime:4:  layout_caves
Slime:5:  uniq_dissolution
Orc:1:    layout_caves, nicolae_shop_vocational, uniq_nergalle, uniq_urug
Orc:2:    st_orc_mages, layout_diamond_mine, serial_shops,
          nicolae_shop_hallway_plus, bloody_makhleb
Elf:1:    layout_onion_city, serial_shops, shop, nicolae_shop_real_fake_doors,
          shop, nicolae_book_shop_shelving, hangedman_elven_crosses_minicolossus
Elf:2:    nicolae_elf_blades_crystal_corner, layout_loops_cross, uniq_jorgrun
Elf:3:    minmay_elf_hall_four_x, layout_loops_cross, palyth_stone_intersect,
          uniq_nikola, uniq_asterion
Vaults:1: v_rooms_3, v_misc_12, v_alt_pattern_3, nicolae_vaults_statue_guard,
          grunt_vaults_hallway_long, nicolae_vaults_house_3,
          hangedman_vaults_river_flow, nicolae_vaults_layer_cake_slice,
          v_rooms_2, hangedman_vaults_capsules, nicolae_vaults_angled_halls,
          nicolae_vaults_storage_closets_2, grunt_vaults_diagonal,
          nicolae_vaults_double_plus_1, layout_vaults_ring, serial_shops, shop,
          nicolae_trove_entry_crossroad, uniq_aizul
Vaults:2: gammafunk_ghost_grave, nicolae_vaults_heart-shaped_vault,
          grunt_vaults_funnel, nicolae_vaults_offset_grid_hallway_1,
          ontoclasm_vaults_spin, nicolae_vaults_weapon_check, serial_ice_g,
          hangedman_vaults_cutoff, nicolae_vaults_mitosis,
          vaults_room_large_hall, nicolae_vaults_theta, vaults_dpeg_spiral,
          nicolae_vaults_security_offices_1, nicolae_vaults_diamond_1,
          grunt_vaults_hallway_short, layout_vaults_maze_snakey, uniq_frederick,
          uniq_mennas, uniq_bai_suzhen
Hell

Skill      XL: |  1  2  3  4  5  6  7  8  9 10 11 12 13 14 15 16 17 18 19 20 21 |
---------------+----------------------------------------------------------------+-----
Earth Magic    | 3 4 9 10 12 13 17 20 22 | 22.0
Spellcasting   | 2 3 7 8 9 11 13 14 16 17 | 17.3
Fighting       | 1 2 3 4 6 10 11 12 | 12.5
Dodging        | 2 3 4 6 7 |  7.7
Stealth        | 4 6 8 11 12 | 12.3
Conjurations   | 4 8 |  8.5
Evocations     | 3 7 |  7.1
Fire Magic     | 4 |  4.3
Shields        | 7 |  7.2
Air Magic      | 2 |  2.0
Transmutations | |  0.8

Action                     |  1- 3 |  4- 6 |  7- 9 | 10-12 | 13-15 | 16-18 | 19-21 || total
---------------------------+-------+-------+-------+-------+-------+-------+-------++-------
  Melee: Whip              |    26 |       |       |       |       |       |       ||    26
         Unarmed           |     2 |       |       |       |       |       |       ||     2
         Dagger            |       |     7 |       |       |     4 |     8 |    14 ||    33
         Mace              |       |     1 |       |       |       |       |       ||     1
         Flail             |       |    11 |   130 |   170 |   119 |       |       ||   430
         Punch             |       |       |     1 |     3 |     1 |       |       ||     5
         Staff             |       |       |       |       |       |       |    45 ||    45
         Lajatang          |       |       |       |       |       |       |     7 ||     7
   Cast: Sandblast         |    60 |    81 |   228 |   325 |   180 |     5 |    45 ||   924
         Stone Arrow       |       |       |     1 |   110 |   328 |   300 |   347 ||  1086
         Lee's Rapid Decon |       |       |       |    22 |     7 |    92 |    13 ||   134
         Leda's Liquefacti |       |       |       |    10 |     6 |       |     1 ||    17
         Petrify           |       |       |       |     2 |     2 |       |       ||     4
         Freezing Cloud    |       |       |       |     3 |    35 |    47 |    49 ||   134
         Arcjolt           |       |       |       |       |    79 |    15 |    28 ||   122
         Flame Wave        |       |       |       |       |    10 |     2 |       ||    12
         Sticky Flame      |       |       |       |       |     1 |    11 |    30 ||    42
         Cause Fear        |       |       |       |       |       |     2 |       ||     2
         Shatter           |       |       |       |       |       |       |   146 ||   146
         Iron Shot         |       |       |       |       |       |       |    55 ||    55
         Fireball          |       |       |       |       |       |       |     5 ||     5
  Evoke: Phial of floods   |       |       |       |       |     1 |       |       ||     1
         Wand              |       |       |       |       |       |     5 |     2 ||     7
    Use: Scroll            |     2 |     6 |     5 |     9 |    10 |     3 |    13 ||    48
         Potion            |     1 |     2 |     3 |     4 |     9 |     4 |     4 ||    27
   Stab: Sleeping          |     2 |       |     4 |     4 |     1 |       |     2 ||    13
         Distracted        |       |       |     2 |     2 |     1 |       |     1 ||     6
 Armour: Robe              |    16 |    18 |   104 |   145 |   230 |    82 |   185 ||   780
  Dodge: Dodged            |    42 |    42 |   224 |   524 |   415 |   137 |   327 ||  1711
  Block: Other             |       |       |    12 |    63 |       |       |       ||    75
         Buckler           |       |       |       |       |    18 |    94 |   190 ||   302
